 Dungeon Crawl Stone Soup version 0.32-a0-643-ga006e7742e (webtiles) character file.

Game seed: 11162872077305341465

40 olmar the Cudgeller (level 3, -2/27 HPs)
             Began as a Coglin Gladiator on Mar 7, 2024.
             Slain by a gnoll
             ... wielding a +0 spear
              (4 damage)
             ... on level 2 of the Dungeon.
             The game lasted 00:01:33 (1117 turns).

olmar the Cudgeller (Coglin Gladiator)              Turns: 1117, Time: 00:01:34

Health: -2/27      AC:  6    Str: 16    XL:     3   Next: 50%
Magic:  3/3        EV: 12    Int:  7    God:
Gold:   136        SH:  0    Dex: 15    Spells: 2/2 levels left

rFire   . . .        a - +0 flail {Akal}
rCold   . . .        l - +2 short sword (holy) {Jin}
rNeg    . . .        b - +0 leather armour
rPois   .            g - +1 helmet
rElec   .            (no cloak)
rCorr   .            (no gloves)
SInv    .            h - +0 pair of boots
Will    .....        (amulet unavailable)
Stlth   +            (ring unavailable)
HPRegen 0.24/turn    (ring unavailable)
MPRegen 0.08/turn    (no gizmo)

%: no passive effects
@: brilliant
A: off-hand wielding, slow wielding, warmup strikes, no jewellery
a: Invent Gizmo


You were on level 2 of the Dungeon.
You visited 1 branch of the dungeon, and saw 2 of its levels.

You collected 136 gold pieces.

Inventory:

Hand Weapons
 a - a +0 flail (weapon) {Akal}
 f - a +0 dagger {Egbert}
 l - a +2 short sword of holy wrath (offhand) {Jin}
Missiles
 d - 2 throwing nets (quivered)
 e - a javelin
Armour
 b - a +0 leather armour (worn)
 c - a +0 helmet
 g - a +1 helmet (worn)
 h - a +0 pair of boots (worn)
 i - a +0 chain mail
Scrolls
 n - a scroll of identify {unknown}
Potions
 k - a potion of berserk rage {unknown}
 m - a potion of magic {unknown}
 o - a potion of heal wounds


   Skills:
 + Level 2.1 Fighting
 + Level 3.3 Maces & Flails
 + Level 1.9 Throwing
 + Level 0.3 Armour
 + Level 3.2 Dodging


You had 2 spell levels left.
You didn't know any spells.
Your spell library was empty.

Dungeon Overview and Level Annotations

Branches:
Dungeon (2/15)

Altars:


Innate Abilities, Weirdness & Mutations

You can wield a second weapon in your off-hand.
It takes a long time for you to wield or remove held weapons.
Your first few attacks do less damage.
You cannot equip rings or amulets.


Message History

The gnoll shouts!
You aren't carrying any items that you can evoke.
Throw: 3 throwing nets
Press: ? - help, Q - select action, (/) - cycle Shift-Dir - straight line, f - gnoll
Aim: a gnoll, wielding a +0 spear (60% to hit)
Okay, then.
The gnoll attacks as it pursues you! The gnoll closely misses you.
The gnoll attacks as it pursues you! The gnoll misses you.
The gnoll attacks as it pursues you! The gnoll hits you with a +0 flail.
The gnoll attacks as it pursues you! The gnoll hits you with a +0 flail.
It was a potion of heal wounds.
You feel much better. The gnoll hits you with a +0 flail.
Throw: 3 throwing nets
Press: ? - help, Q - select action, (/) - cycle Shift-Dir - straight line, f - gnoll
Aim: a gnoll, wielding a +0 flail (60% to hit)
Okay, then.
It was a potion of brilliance.
You feel clever all of a sudden. The gnoll hits you with a +0 flail.
The gnoll hits you from afar with a +0 spear.
Unknown command.
Throw: 3 throwing nets
Press: ? - help, Q - select action, (/) - cycle Shift-Dir - straight line, f - gnoll
Aim: a gnoll, wielding a +0 spear (60% to hit)
You throw a throwing net. The throwing net hits the gnoll.
The gnoll is caught in the net!
Unknown command.
The gnoll struggles against the net.
The gnoll attacks as it pursues you!
The gnoll hits you from afar with a +0 spear.
The gnoll struggles against the net.
The gnoll struggles against the net.
The gnoll struggles against the net.
The gnoll attacks as it pursues you!
The gnoll hits you from afar with a +0 spear!
* * * LOW HITPOINT WARNING * * *
The gnoll struggles against the net.
The gnoll struggles against the net.
The net rips apart, and the gnoll comes free!
The gnoll attacks as it pursues you!
The gnoll hits you from afar with a +0 spear.
You die...

# #..............
##.#.#..####g.##.#.#
.............g......
....[...............
............g.......
...#.#..............
.#.#.#.#####g.##.###
# #. #........ #.
#@###.###
#.#####†###.###
...............
..#####.###.##.
..##.....#
.......<.#
..##.....# #.....#
####.##


You could see 4 gnolls.

Vanquished Creatures
  An adder (D:2)
  A dart slug (D:1)
  3 ball pythons (D:1)
  4 endoplasms (D:1)
  A goblin (D:1)
  3 hobgoblins (D:1)
  5 jackals (D:2)
  A quokka (D:1)
  A bat (D:1)
  2 frilled lizards (D:1)
  A kobold (D:1)
  4 rats (D:1)
27 creatures vanquished.

Notes
Turn   | Place    | Note
-------+----------+-------------------------------------------
     0 | D:1      | olmar the Coglin Gladiator began the quest for the Orb.
     0 | D:1      | Reached XP level 1. HP: 16/16 MP: 1/1
   161 | D:1      | Reached XP level 2. HP: 19/22 MP: 2/2
   901 | D:1      | Reached XP level 3. HP: 27/27 MP: 3/3
  1117 | D:2      | Slain by a gnoll

Illustrated notes

Levels and vault maps discovered:
D:1:      onia_arrival_mini_spirals, layout_basic, minivault_5,
          minmay_tiny_reverse_x
D:2:      layout_basic

Skill      XL: |  1  2 |
---------------+-------+-----
Dodging        | 3 |  3.2
Maces & Flails | 3 |  3.3
Fighting       | |  2.1
Throwing       | |  1.9
Armour         | |  0.3

Action                     || total
---------------------------++-------
  Melee: Flail             ||    52
         Dagger            ||    30
         Short sword       ||    16
  Throw: Throwing net      ||     1
    Use: Potion            ||     2
 Armour: Leather armour    ||    38
  Dodge: Dodged            ||    30

Table legend: (Time is in decaauts)
 A = Elapsed time spent in this place.
 B = Non-inter-level travel time spent in this place.
 C = Inter-level travel time spent in this place.
 D = Time resting spent in this place.
 E = Time spent auto-exploring this place.
 F = Levels seen in this place.
 G = Mean time per level.
                   A        B        C        D        E       F      G
               +--------+--------+--------+--------+--------+-----+--------+
         Total |   1124 |   1077 |     47 |      0 |    866 |   2 |  562.0 |
       Dungeon |   1124 |   1077 |     47 |      0 |    866 |   2 |  562.0 |
               +--------+--------+--------+--------+--------+-----+--------+

Top non-repeatable levels by time:
     D:1: 1060 daAuts
     D:2: 64 daAuts
